 Dungeon Crawl Stone Soup version 0.18.1-50-g88ac8fd (webtiles) character file.

38 Ilten the Shooter (level 3, 0/29 HPs)
             Began as a Centaur Hunter on Apr 2, 2017.
             Slain by Terence
             ... wielding a +0 falchion
              (4 damage)
             ... on level 2 of the Dungeon.
             The game lasted 00:07:22 (1414 turns).

Ilten the Shooter (Centaur Hunter)                  Turns: 1414, Time: 00:07:22

Health: 0/29       AC:  5    Str: 14    XL:     3   Next: 25%
Magic:  3/3        EV:  9    Int: 10    God:
Gold:   102        SH:  0    Dex: 10    Spells: 0 memorised, 2 levels left

rFire  . . .     SeeInvis .     b - +0 short sword
rCold  . . .     Gourm    .     c - +0 leather armour
rNeg   . . .     Faith    .     (no shield)
rPois  .         Spirit   .     (no helmet)
rElec  .         Dismiss  .     (no cloak)
rCorr  .         Reflect  .     q - +0 pair of gloves
SustAt .         Harm     .     (no barding)
MR     .....                    (no amulet)
Stlth  +.........               (no ring)
                                (no ring)

@: very quick, not resistant to hostile enchantments, very unstealthy
A: hooves 3, deformed body, speed 2, tough skin 3
a: no special abilities


You were on level 2 of the Dungeon.
You were not hungry.

You visited 1 branch of the dungeon, and saw 2 of its levels.

You collected 102 gold pieces.

Inventory:

Hand Weapons
 a - a +1 shortbow
 b - a +0 short sword (weapon)
Missiles
 d - 27 arrows
Armour
 c - a +0 leather armour (worn)
 q - a +0 pair of gloves (worn)
Scrolls
 e - 3 scrolls of remove curse {unknown}
 g - a scroll of fear {unknown}
 h - a scroll of identify {unknown}
 j - a scroll of random uselessness {unknown}
 k - a scroll of noise {unknown}
 m - a scroll of blinking {unknown}
 n - 3 scrolls of immolation {unknown}
Potions
 i - a potion of invisibility {unknown}
 l - 2 potions of cure mutation {unknown}
 o - a potion of might {unknown}
Comestibles
 f - 3 bread rations
 p - a meat ration


   Skills:
 + Level 2.0 Fighting
 + Level 0.5 Short Blades
 + Level 6.3 Bows
 + Level 0.3 Armour
 + Level 1.5 Dodging
 + Level 0.5 Stealth


You had 2 spell levels left.
You didn't know any spells.

Dungeon Overview and Level Annotations

Branches:
Dungeon (2/15)

Altars:

Annotations:
D:2 Terence


Innate Abilities, Weirdness & Mutations

You have hooves in place of feet.
Armour fits poorly on your strangely shaped body.
You cover ground very quickly.
You have extremely tough skin (AC +3).


Message History

* * * LOW HITPOINT WARNING * * *
Wield which item (- for none, * to show all)? (? for menu, Esc to quit)
b - a +0 short sword (weapon)
You closely miss Terence. You kick Terence, but do no damage.
Terence is almost dead.
Terence hits you but does no damage.
You hit Terence but do no damage. You kick Terence, but do no damage.
Terence is almost dead.
Terence hits you with a falchion.
* * * LOW HITPOINT WARNING * * *
You hit Terence but do no damage. You kick Terence, but do no damage.
Terence is almost dead.
Terence barely misses you.
You hit Terence but do no damage. You kick Terence, but do no damage.
Terence is almost dead.
Terence barely misses you.
You hit Terence but do no damage. You kick Terence.
Terence is almost dead.
Terence hits you with a falchion.
You die...

#...).#.# #.....#.#
. #.....# .
..#####'## .##
........###..##
........#......
..........#
........#####
...........@#
........#.#@#
.......###.l.......
....... ...........
...#....$.(.....#.#
.......#.?(...#.#
..##.#.#..(...#.#
#.#.#...(..# .
#l.....# .


You could see Terence and a giant gecko.

Vanquished Creatures
  An adder (D:2)
  An ooze (D:1)
  A worm (D:2)
  A dart slug (D:1)
  A giant gecko (D:1)
  3 goblins
  5 hobgoblins (D:1)
  2 bats
  2 giant newts (D:1)
  A kobold (D:1)
18 creatures vanquished.

Vanquished Creatures (others)
  5 toadstools (D:1)
5 creatures vanquished.

Grand Total: 23 creatures vanquished

Notes
Turn   | Place    | Note
--------------------------------------------------------------
     0 | D:1      | Ilten the Centaur Hunter began the quest for the Orb.
     0 | D:1      | Reached XP level 1. HP: 17/17 MP: 1/1
   225 | D:1      | Reached XP level 2. HP: 22/24 MP: 2/2
   754 | D:1      | Reached skill level 6 in Bows
  1057 | D:2      | Reached XP level 3. HP: 26/29 MP: 3/3
  1391 | D:2      | Noticed Terence
  1414 | D:2      | Slain by Terence

Skill      XL: |  1  2 |
---------------+-------+-----
Bows           | 6 |  6.3
Fighting       | |  2.0
Short Blades   | |  0.5
Armour         | |  0.3
Dodging        | |  1.5
Stealth        | |  0.5

Action                   || total
-------------------------++-------
Melee: Short sword       ||    22
       Kick              ||    11
 Fire: Shortbow          ||    28
Armor: Leather armour    ||     9
Dodge: Dodged            ||    12
